 Dungeon Crawl Stone Soup version 0.31.0-9-g3a7656b989 (webtiles) character file.

Game seed: 6905190044026078566

4543 Marvel the Grappler (level 10, -1/144 HPs)
             Began as a Troll Berserker on Feb 3, 2024.
             Was an Elder of Trog.
             Slain by a killer bee (5 damage)
             ... on level 9 of the Dungeon.
             The game lasted 00:06:54 (5249 turns).

Marvel the Grappler (Troll Berserker)               Turns: 5249, Time: 00:06:55

Health: -1/144     AC:  6    Str: 31    XL:     10   Next: 17%
Magic:  0/9        EV: 11    Int:  3    God:    Trog [****..]
Gold:   403        SH:  0    Dex:  9    Spells: 9/9 levels left

rFire   . .          .
                       - Unarmed
rCold   . . .        (no shield)
rNeg    . . .        u - +2 robe {Will+}
rPois   .            (helmet restricted)
rElec   .            (no cloak)
rCorr   +            (gloves unavailable)
SInv    +            (boots unavailable)
Will    +....        l - amulet of guardian spirit Stlth
                     c - ring of resist corrosion
HPRegen 1.24/turn    h - ring of see invisible
MPRegen 0.11/turn

%: guardian spirit
@: berserking, lethally poisoned (-1 -> -9), very quick
A: large, unfitting armour, claws 3, regeneration 1, shaggy fur 1, tough skin 1
a: Renounce Religion, Berserk, Trog's Hand, Brothers in Arms


You were on level 9 of the Dungeon.
You worshipped Trog.
Trog was greatly pleased with you.
You visited 1 branch of the dungeon, and saw 9 of its levels.

You collected 447 gold pieces.
You spent 44 gold pieces at shops.

Inventory:

Missiles
 v - 8 curare-tipped darts (quivered)
 F - 2 throwing nets
Armour
 a - a +0 animal skin
 u - a +2 robe of willpower (worn)
Jewellery
 c - a ring of resist corrosion (left claw)
 h - a ring of see invisible (right claw)
 l - an amulet of guardian spirit (around neck)
 q - a +6 ring of intelligence
 K - a +6 ring of intelligence
Wands
 B - a wand of paralysis (16)
 G - a wand of roots (9)
 J - a wand of polymorph (7)
 L - a wand of flame (12)
Scrolls
 b - a scroll of fog {unknown}
 d - 6 scrolls of identify {unknown}
 f - a scroll of immolation {unknown}
 k - a scroll of silence {unknown}
 m - a scroll of torment {unknown}
 n - 3 scrolls of fear
 p - 3 scrolls of summoning {unknown}
 r - a scroll of poison {unknown}
 s - 3 scrolls of blinking {unknown}
 x - a scroll of teleportation {unknown}
 y - 3 scrolls of enchant weapon {unknown}
 A - 2 scrolls of enchant armour {unknown}
 D - a scroll of vulnerability {unknown}
 H - a scroll of revelation {unknown}
 I - 2 scrolls of noise {unknown}
Potions
 e - a potion of invisibility {unknown}
 g - 4 potions of haste {unknown}
 i - 2 potions of enlightenment {unknown}
 j - 3 potions of attraction {unknown}
 o - 4 potions of curing {unknown}
 t - a potion of ambrosia {unknown}
 w - 2 potions of brilliance {unknown}
 z - 2 potions of degeneration {unknown}
 C - 3 potions of might {unknown}
 E - a potion of heal wounds {unknown}


   Skills:
 + Level 5.1 Fighting
 + Level 6.9 Dodging
 + Level 12.0 Unarmed Combat


You had 9 spell levels left.
You didn't know any spells.
Your spell library was empty.

Dungeon Overview and Level Annotations

Branches:
Dungeon (9/15)             Temple (0/1) D:4
   Lair: D:8-11         Orc: D:9-12

Altars:
Cheibriados
Hepliaklqana
Makhleb
Nemelex Xobeh
Sif Muna
Xom

Shops:
D:1 (   D:3 ?!*:=

Annotations:
D:9 Amaemon, Erolcha


Innate Abilities, Weirdness & Mutations

You are too large for most types of armour.
You have claws for hands.
Your natural rate of healing is unusually fast.
You are covered in fur. (AC +1)
You have tough skin. (AC +1)


Message History

The orc warrior hits you from afar with a +0 halberd!
* * * LOW HITPOINT WARNING * * *
The howler monkey hits you.
* * * LOW HITPOINT WARNING * * *
The orc hits you but does no damage.
You closely miss the orc priest. Your claw misses the orc priest.
You feel sick. The killer bee stings you!
* * * LOW HITPOINT WARNING * * *
You are more poisoned.
The killer bee poisons you! The killer bee barely misses you.
The howler monkey hits you but does no damage.
The centaur hits you.
* * * LOW HITPOINT WARNING * * *
The centaur kicks you.
* * * LOW HITPOINT WARNING * * *
You scratch the orc priest.
The orc priest is moderately wounded.
You feel very sick. The killer bee stings you.
* * * LOW HITPOINT WARNING * * *
The killer bee stings you.
* * * LOW HITPOINT WARNING * * *
The howler monkey hits you.
* * * LOW HITPOINT WARNING * * *
The orc warrior closely misses you. The orc priest barely misses you.
The orc hits you but does no damage. The howler monkey barely misses you.
The centaur hits you but does no damage.
The centaur kicks you but does no damage.
You mangle the orc priest!!
You kill the orc priest!
Trog accepts your kill.
* * * LOW HITPOINT WARNING * * *
You feel sick. The killer bee barely misses you.
The killer bee closely misses you. The howler monkey hits you.
* * * LOW HITPOINT WARNING * * *
You claw the killer bee! Your claw misses the killer bee.
The killer bee is almost dead.
* * * LOW HITPOINT WARNING * * *
You feel sick. The killer bee closely misses you. The killer bee stings you.
You die...

#...<. ...##
#..... ....#
#......##....##.
................
#..........."...
##..##..........
....>..(<.......
..##.coy...##..
###@h.......
#oyhy.......
#6ohy........
.Oy##..#......
...o. ##........
.... #........
... #...... ...
......


You could see Amaemon, Erolcha, an orc warrior, a centaur, 3 howler monkeys, 5
killer bees, an orc wizard (invisible) and 2 orcs.

Vanquished Creatures
  Erica (D:8)
  An orange demon (D:9)
  The ghost of ripuliukko the Digger, an amateur GrEE (D:4)
  Sigmund (D:3)
  A wraith (D:8)
  Eustachio (D:6)
  5 yaks (D:8)
  A water moccasin (D:7)
  A black bear (D:2)
  An orc warrior (D:8)
  An ogre (D:7)
  2 kobold brigands
  2 gnoll sergeants
  3 bullfrogs
  4 scorpions
  3 killer bees
  3 howler monkeys
  4 bombardier beetles
  6 hounds
  A gnoll bouda (D:8)
  4 orc priests
  A sleepcap (D:4)
  5 iguanas
  3 orc wizards
  9 adders
  12 gnolls
  A shadow imp (D:6)
  3 white imps
  6 ufetubi
  A ribbon worm (D:2)
  A dart slug (D:2)
  22 orcs
  2 bats (D:1)
  6 endoplasms
  10 giant cockroaches
  6 goblins
  8 hobgoblins
  3 jackals (D:3)
  6 quokkas
  5 ball pythons
  2 frilled lizards
  18 kobolds
  4 rats
181 creatures vanquished.

Notes
Turn   | Place    | Note
-------+----------+-------------------------------------------
     0 | D:1      | Marvel the Troll Berserker began the quest for the Orb.
     0 | D:1      | Reached XP level 1. HP: 22/22 MP: 0/0
   111 | D:1      | Found Wagogrist's Weapon Boutique.
   182 | D:1      | Reached XP level 2. HP: 29/29 MP: 1/1
   722 | D:2      | Noticed a black bear
   728 | D:2      | Reached XP level 3. HP: 36/36 MP: 2/2
   746 | D:2      | Killed a black bear
   747 | D:2      | Reached skill level 4 in Unarmed Combat
   747 | D:2      | Reached XP level 4. HP: 38/45 MP: 3/3
   756 | D:2      | Reached XP level 5. HP: 50/53 MP: 4/4
   831 | D:2      | Reached ** piety under Trog
  1157 | D:3      | Found Usamaum's Magic Scroll Boutique.
  1172 | D:3      | Bought a scroll of fear for 44 gold pieces
  1279 | D:3      | Found Jooffi's Book Shop.
  1337 | D:3      | Found Javulyin's Distillery.
  1479 | D:3      | Found Daic's Assorted Antiques.
  1536 | D:3      | Found Afudinuo's Jewellery Shoppe.
  1548 | D:3      | Reached skill level 5 in Unarmed Combat
  1578 | D:3      | Noticed Sigmund
  1589 | D:3      | Killed Sigmund
  1590 | D:3      | Reached XP level 6. HP: 55/61 MP: 2/5
  1905 | D:4      | Reached skill level 6 in Unarmed Combat
  2001 | D:4      | Reached *** piety under Trog
  2002 | D:4      | Reached XP level 7. HP: 63/67 MP: 6/6
  2064 | D:4      | Found a staircase to the Ecumenical Temple.
  2178 | D:4      | Found a runed translucent door.
  2178 | D:4      | Noticed ripuliukko's ghost (amateur GrEE)
  2396 | D:4      | Reached skill level 7 in Unarmed Combat
  2433 | D:4      | Killed ripuliukko's ghost
  2495 | D:5      | Entered Level 5 of the Dungeon
  2741 | D:5      | Reached skill level 8 in Unarmed Combat
  2741 | D:5      | Reached XP level 8. HP: 75/75 MP: 7/7
  2937 | D:5      | Found a hazy altar of Hepliaklqana.
  2938 | D:5      | Found a shimmering altar of Xom.
  2938 | D:5      | Found a snail-covered altar of Cheibriados.
  2942 | D:5      | Found a shimmering blue altar of Sif Muna.
  3069 | D:6      | Noticed Eustachio
  3080 | D:6      | Killed Eustachio
  3202 | D:6      | Reached skill level 5 in Dodging
  3202 | D:6      | Reached skill level 9 in Unarmed Combat
  3326 | D:6      | Found a sparkling altar of Nemelex Xobeh.
  3670 | D:7      | Found a burning altar of Makhleb.
  3886 | D:7      | Reached **** piety under Trog
  4119 | D:7      | Reached XP level 9. HP: 77/84 MP: 6/8
  4145 | D:7      | Reached skill level 10 in Unarmed Combat
  4539 | D:8      | Noticed Erica
  4550 | D:8      | Killed Erica
  4551 | D:8      | Reached skill level 11 in Unarmed Combat
  5052 | D:8      | Reached XP level 10. HP: 66/94 MP: 4/9
  5214 | D:9      | Noticed an orange demon
  5216 | D:9      | Reached skill level 5 in Fighting
  5232 | D:9      | Noticed Amaemon
  5236 | D:9      | Noticed Erolcha
  5237 | D:9      | Killed an orange demon
  5243 | D:9      | Reached skill level 12 in Unarmed Combat
  5248 | D:9      | HP: 7/144 [poisoned by a killer bee]
  5249 | D:9      | Slain by a killer bee

Illustrated notes

Levels and vault maps discovered:
D:1:      denvon_arrival_hothouse, layout_basic, serial_shops, shop
D:2:      layout_basic, minmay_circle_x
D:3:      layout_loops_ring, serial_shops, nicolae_shop_tiny_waterfront, shop,
          shop, shop_statue, nicolae_lakefront_shop, uniq_sigmund
D:4:      layout_basic, minmay_temple_entry_waves,
          hellmonk_ghost_happy_afterlife
D:5:      layout_cave_pools, minitemple
D:6:      layout_cave_pools, nicolae_overflow_hidden_temple,
          nemelex_diamond_rough_becter, hangedman_glass_teeth,
          solitary_fountain, uniq_eustachio
D:7:      layout_basic, mainiacjoe_overflow_alcove_2, hangedman_decor_points
D:8:      layout_basic, dk_rats_in_the_wall, uniq_erica
D:9:      layout_cave_pools, amcnicky_altar_gilded, dpeg_lair_monsters,
          enter_bailey_3, grunt_decor_junction, uniq_amaemon, uniq_erolcha

Skill      XL: |  1  2  3  4  5  6  7  8  9 10 |
---------------+-------------------------------+-----
Fighting       | 3 4 5 |  5.1
Dodging        | 3 4 5 6 |  6.9
Unarmed Combat | 4 5 6 8 9 11 12 | 12.0

Action                     |  1- 3 |  4- 6 |  7- 9 | 10-12 || total
---------------------------+-------+-------+-------+-------++-------
  Melee: Unarmed           |    48 |   126 |   273 |    32 ||   479
         Punch             |       |       |     9 |       ||     9
 Invoke: Berserk           |       |       |     1 |     1 ||     2
 Armour: Animal skin       |    25 |    49 |       |       ||    74
         Robe              |       |    23 |   222 |    60 ||   305
  Dodge: Dodged            |    35 |    76 |   177 |    46 ||   334
